 Dungeon Crawl Stone Soup version 0.28-a0-1159-g27aa881441 (webtiles) character file.

Game seed: 16414573258641505653

53 spaghetti the Skirmisher (level 3, -1/31 HPs)
             Began as a Mummy Delver on Dec 15, 2021.
             Slain by a scorpion (6 damage)
             ... on level 6 of the Dungeon.
             The game lasted 00:00:59 (523 turns).

spaghetti the Skirmisher (Mummy Delver)              Turns: 523, Time: 00:01:00

Health: -1/31      AC:  3    Str: 17    XL:     3   Next: 62%
Magic:  3/3        EV: 11    Int:  9    God:
Gold:   9          SH:  0    Dex: 13    Spells: 2/2 levels left

rFire   x . .      SeeInvis .   g - +0 long sword {long}
rCold   + . .      Faith    .   (no shield)
rNeg    + + +      Spirit   .   b - +0 leather armour
rPois   ∞          Reflect  .   (no helmet)
rElec   .          Harm     .   (no cloak)
rCorr   .          Rampage  .   (no gloves)
Will    .....                   (no boots)
Stlth   ++........              (no amulet)
HPRegen 0.10/turn               (no ring)
MPRegen 0.08/turn               (no ring)

@: no status effects
A: cold resistance 1, negative energy resistance 3, torment resistance 2, heat
vulnerability 1, no potions
a: no special abilities


You were on level 6 of the Dungeon.
You visited 1 branch of the dungeon, and saw 2 of its levels.

You collected 9 gold pieces.


Innate Abilities, Weirdness & Mutations

You are immune to poison.
Your flesh is cold resistant. (rC+)
You are immune to negative energy. (rN+++)
You are immune to unholy pain and torment.
You are vulnerable to heat. (rF-)
You do not drink.


   Skills:
 + Level 4.7 Fighting
 - Level 1.5 Long Blades
 - Level 1.5 Dodging
 - Level 4.1 Stealth


You had 2 spell levels left.
You didn't know any spells.
Your spell library contained the following spells:

 Spells                   Type           Power      Damage    Failure   Level
 Slow                     Hex            0%         N/A       45%         1
 Confusing Touch          Hex            0%         N/A       83%         3
 Vampiric Draining        Necr           0%         2d6       83%         3

Inventory:

Hand Weapons
 a - a +0 falchion {long}
 g - a +0 long sword (weapon) {long}
   (You found it on level 5 of the Dungeon)
Missiles
 h - 11 poisoned darts (quivered) {throwing}
Armour
 b - a +0 leather armour (worn)
Wands
 f - a wand of digging (3)
Scrolls
 c - a scroll of fog
 d - a scroll of magic mapping {!r}
 e - a scroll of fear

Dungeon Overview and Level Annotations

Branches:
Dungeon (6/15)
 Temple: D:4-7

Altars:
Wu Jian

#....+
#....#
#....#
#....#
#....#
#....#
#....#
#....#
#@####
#s#
#.#
#.#
#..
###


You could see a scorpion.


Message History

A hound is nearby! 😮 HP[+2]
You regained 2 hp, and now have 16/25 hp.
Things that are here:
a +0 spear {polearm}; a gnoll corpse The hound pauses to sniff the ground.
Okay, then.
You closely miss the hound. The hound misses you. The hound bites you. 😮 HP[-1]
You take 1 damage, and now have 15/25 hp.
You barely miss the hound. The hound bites you.
The hound bites you but does no damage. 😮 HP[-1]
You take 1 damage, and now have 14/25 hp.
You closely miss the hound. The hound closely misses you.
The hound bites you but does no damage.
You barely miss the hound. The hound barely misses you. The hound bites you.
* * * LOW HITPOINT WARNING * * *
😨 HP[-3]
You take 3 damage, and now have 11/25 hp.
You hit the hound. The hound barely misses you.
The hound bites you but does no damage.
You slash the hound! The hound bites you but does no damage.
The hound bites you.
* * * LOW HITPOINT WARNING * * *
😨 HP[-2]
You take 2 damage, and now have 9/25 hp.
You barely miss the hound. The hound bites you but does no damage.
The hound bites you.
* * * LOW HITPOINT WARNING * * *
😨 HP[-2]
You take 2 damage, and now have 7/25 hp.
You closely miss the hound. The hound bites you.
* * * LOW HITPOINT WARNING * * *
The hound barely misses you. 😱 HP[-1]
You take 1 damage, and now have 6/25 hp.
Your leather armour prevents you from hitting the hound.
The hound barely misses you. The hound closely misses you.
You hit the hound but do no damage. The hound barely misses you.
The hound bites you but does no damage. 😨 HP[+1]
You closely miss the hound. The hound barely misses you.
The hound closely misses you.
You closely miss the hound.
The hound bites you but does no damage. x2
You hit the hound.
You kill the hound!
You have reached level 3!
Your experience leads to an increase in your attributes!
Increase (S)trength, (I)ntelligence, or (D)exterity?
You feel stronger. x2 😨 HP[+2] MP[+1]
You now have 31 max hp (+6).
You regained 2 hp, and now have 9/31 hp.
Your mp is fully restored (3).
You start resting. 😎 HP[+22]
Your hp is fully restored (31).
h - 11 poisoned darts {throwing}
Found an escape hatch in the floor.
You see here a +0 ring mail.
A scorpion comes into view.
Found an ornate altar of the Wu Jian Council.
An orc comes into view. It is wielding a +0 whip.
An orc priest comes into view. It is wielding a +0 war axe.
There is an escape hatch in the floor here.
You slide downwards.
The hatch slams shut behind you.
Unknown command.
Unknown command.
A scorpion comes into view.
Okay, then.
You can't drink.
Okay, then.
The helpless scorpion fails to defend itself.
You hit the scorpion but do no damage. The scorpion completely misses you.
You hit the scorpion. The scorpion closely misses you.
The scorpion stings you! 😮 HP[-8]
You take 8 damage, and now have 23/31 hp.
MASSIVE DAMAGE!! (PAUSE)
You slash the scorpion! The scorpion barely misses you.
The scorpion closely misses you.
You completely miss the scorpion. The scorpion stings you. 😮 HP[-2]
You take 2 damage, and now have 21/31 hp.
You closely miss the scorpion. The scorpion stings you.
The scorpion barely misses you. 😮 HP[-5]
You take 5 damage, and now have 16/31 hp.
You hit the scorpion but do no damage. The scorpion stings you.
* * * LOW HITPOINT WARNING * * *
😨 HP[-4]
You take 4 damage, and now have 12/31 hp.
You hit the scorpion. The scorpion misses you. The scorpion stings you!
* * * LOW HITPOINT WARNING * * *
😱 HP[-7]
You take 7 damage, and now have 5/31 hp.
MASSIVE DAMAGE!! (PAUSE) Unknown command.
You hit the scorpion but do no damage. The scorpion stings you.
You die...

Skill      XL: |  1  2 |
---------------+-------+-----
Fighting       | 4 |  4.7
Long Blades    | |  1.5
Dodging        | |  1.5
Stealth        | |  4.1

Action                   || total
-------------------------++-------
Melee: Falchion          ||     7
       Long sword        ||    23
 Stab: Sleeping          ||     1
Armor: Leather armour    ||     9
Dodge: Dodged            ||    20

Levels and vault maps discovered:
D:5:      layout_rooms, chequers_temple_overflow_statue_of_worship, temple_hall,
          uniq_crazy_yiuf_cottage
D:6:      layout_basic, uniq_duvessa, uniq_edmund, uniq_blork_the_orc

Notes
Turn   | Place    | Note
-------+----------+-------------------------------------------
     0 | D:5      | spaghetti the Mummy Delver began the quest for the Orb.
     0 | D:5      | Reached XP level 1. HP: 18/18 MP: 1/1
     0 | D:5      | magus.rc [v1.9.6]
     7 | D:5      | You pick up a book of Debilitation and begin reading...
     7 | D:5      | You add the spells Slow, Vampiric Draining and Confusing
                  | Touch to your library.
    16 | D:5      | Noticed a hound
    28 | D:5      | Reached XP level 2. HP: 8/25 MP: 2/2
   186 | D:5      | Reached skill level 4 in Fighting
   222 | D:5      | HP: 6/25 [hound (1)]
   228 | D:5      | Reached XP level 3. HP: 9/31 MP: 3/3
   490 | D:5      | Noticed a scorpion
   491 | D:5      | Found an ornate altar of the Wu Jian Council.
   509 | D:6      | Noticed a scorpion
   522 | D:6      | HP: 5/31 [scorpion (7)]
   523 | D:6      | Slain by a scorpion

Vanquished Creatures
  A hound (D:5)
  A hound skeleton (D:5)
  A gnoll (D:5)
3 creatures vanquished.

Table legend:
 A = Non-vault XP
 B = Vault XP
 C = Vault XP percentage of total XP
 D = Non-vault monster count
 E = Vault monster count
 F = Vault count percentage of total count
                 A         B        C        D         E       F
            +---------+---------+-------+---------+---------+-------
      Total |      76 |       0 |   0.0 |       3 |       0 |   0.0
            +---------+---------+-------+---------+---------+-------
        D:5 |      76 |       0 |   0.0 |       3 |       0 |   0.0
            +---------+---------+-------+---------+---------+-------

Illustrated notes

Table legend:
 A = Kills in this place as a percentage of kills in entire the game.
 B = Kills by you in this place as a percentage of kills by you in the entire game.
 C = Kills by friends in this place as a percentage of kills by friends in the entire game.
 D = Other kills in this place as a percentage of other kills in the entire game.
 E = Experience gained in this place as a percentage of experience gained in the entire game.
 F = Experience gained in this place divided by the number of levels of this place that you have seen.
                   A       B       C       D       E      F
               +-------+-------+-------+-------+-------+----------------------
         Total | 100.0 | 100.0 |   N/A |   N/A | 100.0 |  38.0
       Dungeon | 100.0 | 100.0 |   N/A |   N/A | 100.0 |  38.0
               +-------+-------+-------+-------+-------+----------------------

Table legend: (Time is in decaauts)
 A = Elapsed time spent in this place.
 B = Non-inter-level travel time spent in this place.
 C = Inter-level travel time spent in this place.
 D = Time resting spent in this place.
 E = Time spent auto-exploring this place.
 F = Levels seen in this place.
 G = Mean time per level.
                   A        B        C        D        E       F      G
               +--------+--------+--------+--------+--------+-----+--------+
         Total |    530 |    523 |      7 |    386 |     56 |   2 |  265.0 |
       Dungeon |    530 |    523 |      7 |    386 |     56 |   2 |  265.0 |
               +--------+--------+--------+--------+--------+-----+--------+

Top non-repeatable levels by time:
     D:5: 514 daAuts
     D:6: 16 daAuts
